 Dungeon Crawl Stone Soup version 0.26-a0-259-g1effd001a9 (webtiles) character file.

Game seed: 10221920937053096111

60965 Goblin1989 the Brawler (level 14, -2/143 HPs)
             Began as a Troll Fighter on July 16, 2020.
             Was an Initiate of Gozag.
             Killed from afar by a fire dragon (42 damage)
             ... with a blast of flame
             ... on level 6 of the Lair of Beasts on July 17, 2020.
             The game lasted 00:57:27 (20746 turns).

Goblin1989 the Brawler (Troll Fighter)             Turns: 20746, Time: 00:57:27

Health: -2/143     AC: 15    Str: 29    XL:     14   Next: 58%
Magic:  13/13      EV: 15    Int:  4    God:    Gozag
Gold:   1956       SH: 12    Dex: 12    Spells: 13/13 levels left

rFire    . . .     SeeInvis .     - Unarmed
rCold    . . .     Faith    .   w - +0 kite shield
rNeg     + . .     Spirit   .   Y - +2 robe {rN+}
rPois    +         Reflect  .   (helmet restricted)
rElec    .         Harm     .   O - +2 cloak of Courage {+Fly Dex+3}
rCorr    .                      (gloves unavailable)
MR       +++..                  (boots unavailable)
Stlth    ++........             r - amulet of regeneration
HPRegen  1.13/turn              u - ring of Ruyh {rPois Int-4 Stlth+}
MPRegen  0.13/turn              y - +4 ring of protection

@: gold aura, stab, very slightly contaminated, studying Dodging, invisible
A: large, unfitting armour, claws 3, deterioration 1, fast metabolism 1, magic
resistance 2, regeneration 1, shaggy fur 1, strong 1, tough skin 3
a: Potion Petition, Call Merchant, Bribe Branch, Renounce Religion, Evoke Flight


You were on level 6 of the Lair of Beasts.
You worshipped Gozag.
Gozag was most pleased with you.
You were not hungry.

You visited 4 branches of the dungeon, and saw 21 of its levels.

You collected 7159 gold pieces.
You spent 3514 gold pieces at shops.
You paid 1689 gold pieces to Gozag.

Inventory:

Hand Weapons
 b - the +7 whip of Undoing {vorpal, rPois MR++ Int+4 Dex-2}
   (You found it on level 4 of the Dungeon)

   It inflicts extra damage upon your enemies.
   It affects your intelligence (+4).
   It affects your dexterity (-2).
   It protects you from poison.
   It affects your resistance to hostile enchantments.
Missiles
 E - 4 large rocks (quivered) {!d, @Q4}
Armour
 w - a +0 kite shield (worn)
 O - the +2 cloak of Courage (worn) {+Fly Dex+3}
   (You bought it in a shop on level 3 of the Lair of Beasts)

   It affects your dexterity (+3).
   It lets you fly.
 Q - the +3 robe of Folly {Archmagi, MR-- Int+5}
   (You found it on level 10 of the Dungeon)

   It affects your intelligence (+5).
   It affects your resistance to hostile enchantments.
 Y - a +2 robe of positive energy (worn)
Magical Staves
 J - an uncursed staff of air
Jewellery
 f - an uncursed ring of protection from fire
 m - an uncursed ring of protection from magic
 r - an amulet of regeneration (around neck)
 s - an uncursed ring of positive energy
 u - the ring of Ruyh (left claw) {rPois Int-4 Stlth+}
   (You bought it in a shop on level 2 of the Orcish Mines)

   [ring of intelligence]

   It affects your intelligence (-4).
   It protects you from poison.
   It makes you more stealthy.
 y - a +4 ring of protection (right claw)
 L - an uncursed ring of fire
Wands
 A - a wand of acid (8) {@v2}
 F - a wand of iceblast (11) {@v4}
 H - a wand of paralysis (9) {@v7}
 I - a wand of digging (5) {@v1}
Scrolls
 g - 3 scrolls of enchant weapon
 h - 11 scrolls of remove curse {@r3}
 i - 9 scrolls of immolation
 B - 3 scrolls of blinking
 D - a scroll of noise {unknown}
 K - 2 scrolls of vulnerability {unknown}
 N - 4 scrolls of fog
 P - 3 scrolls of magic mapping
 R - a scroll of identify {@r1}
 S - 2 scrolls of silence {unknown}
 T - 4 scrolls of teleportation {!r, @r2}
 V - 2 scrolls of enchant armour {unknown}
 W - a scroll of amnesia {unknown}
Potions
 k - 8 potions of curing {@q1}
 o - 7 potions of stabbing
 q - a potion of might {@q4}
 t - a potion of cancellation
 v - 4 potions of berserk rage
 x - 3 potions of haste {@q3,}
 C - 2 potions of flight
 M - 2 potions of ambrosia
 U - 5 potions of heal wounds {@q2}
 X - 2 potions of brilliance
Books
 G - a manual of Dodging
Miscellaneous
 Z - a phantom mirror
Comestibles
 e - 81 rations


   Skills:
 + Level 10.2 Fighting
 + Level 3.3 Throwing
 + Level 11.0 Dodging
 - Level 9.0 Shields
 * Level 15.8 Unarmed Combat
 + Level 3.9 Evocations


You had 13 spell levels left.
You didn't know any spells.
Your spell library contained the following spells:

 Spells                   Type           Power        Failure   Level
 Apportation              Tloc           #.....       50%         1
 Corona                   Hex            #......      50%         1
 Foxfire                  Conj/Fire      #...         50%         1
 Infusion                 Chrm           #...         50%         1
 Summon Butterflies       Summ           #.......     50%         1
 Ensorcelled Hibernation  Hex/Ice        #.....       65%         2
 Shroud of Golubria       Chrm/Tloc      #.....       65%         2
 Song of Slaying          Chrm           #.......     65%         2
 Confusing Touch          Hex            #.......     86%         3
 Conjure Flame            Conj/Fire      #.......     86%         3
 Dazzling Flash           Conj/Hex       #.....       86%         3
 Inner Flame              Hex/Fire       #.......     86%         3
 Lesser Beckoning         Tloc           #.........   86%         3
 Ozocubu's Armour         Chrm/Ice       #.......     86%         3
 Spectral Weapon          Hex/Chrm       #.......     86%         3
 Tukima's Dance           Hex            #.......     86%         3
 Sticky Flame             Conj/Fire      #.......     99%         4
 Alistair's Intoxication  Tmut/Pois      #.......     100%        5
 Fireball                 Conj/Fire      #.........   100%        5
 Invisibility             Hex            #.......     100%        6


Dungeon Overview and Level Annotations

Branches:
Dungeon (12/15)            Temple (1/1) D:5            Lair (6/6) D:10
 Shoals (0/4) Lair:4       Spider (0/4) Lair:2        Slime (0/5) Lair:6
    Orc (2/2) D:11            Elf (0/3) Orc:2

Altars:
Ashenzari
Cheibriados
Dithmenos
Fedhas
Gozag
Hepliaklqana
Kikubaaqudgha
Makhleb
Nemelex Xobeh
Okawaru
Qazlal
Ru
Sif Muna
Uskayaw
Vehumet
Wu Jian

Shops:
D:9 (   D:10 }   Orc:2 ==(?*   Lair:3 [   Lair:6 :

Annotations:
D:4 2 transporters, Apogee's ghost, amateur HuWn
D:10 2 transporters
Lair:4 2 transporters, Zebulonius's ghost, journeyman DECj
Lair:5 1 runed translucent door, Egid's ghost, journeyman DEWz
Lair:6 1 runed translucent door


Innate Abilities, Weirdness & Mutations

You are too large for most types of armour.
You have claws for hands.
You have a fast metabolism.
Your natural rate of healing is unusually fast.
You are covered in fur. (AC +1)
You have extremely tough skin. (AC +3)
Your body sometimes deteriorates upon taking damage.
You are highly resistant to hostile enchantments. (MR++)
Your muscles are strong. (Str +2)


Message History

Moving in this stuff is going to be slow.
You take 17 damage, and have 64/143 hp.
You mangle the fire dragon!!
The fire dragon is moderately wounded.
The komodo dragon is engulfed in poison gas.
The komodo dragon is poisoned.
The komodo dragon is engulfed in poison gas.
The komodo dragon looks even sicker.
The komodo dragon bites you but does no damage.
You claw the fire dragon!
The fire dragon is moderately wounded.
The fire dragon closely misses you.
The fire dragon claws you but does no damage.
The fire dragon barely misses you.
The steam dragon is engulfed in poison gas.
The steam dragon is poisoned.
The komodo dragon misses you.
The steam dragon is engulfed in poison gas.
The steam dragon looks even sicker.
You barely miss the komodo dragon.
The komodo dragon is lightly wounded.
You block the komodo dragon's attack. The fire dragon breathes flames at you.
The blast of flame misses you.
You mangle the komodo dragon!!
The komodo dragon is severely wounded.
The komodo dragon bites you!
* * * LOW HITPOINT WARNING * * *
You block the swamp dragon's attack. x2
The swamp dragon tramples you but does no damage.
You take 9 damage, and have 59/143 hp.
You closely miss the komodo dragon.
The komodo dragon is severely wounded.
You mangle the komodo dragon!!
You kill the komodo dragon!
The fire dragon breathes flames at you. The blast of flame hits you!!
* * * LOW HITPOINT WARNING * * *
You block the swamp dragon's attack.
The swamp dragon claws you but does no damage.
You block the swamp dragon's attack.
You hear an angry hiss.
You take 25 damage, and have 35/143 hp.
The steam dragon breathes steam at you. The ball of steam hits you!
* * * LOW HITPOINT WARNING * * *
The fire dragon becomes distracted by the nearby gold, dreaming of imaginary riches.
The fire dragon roars deafeningly!
You take 8 damage, and have 27/143 hp.
The fire dragon is no longer distracted by gold.
You enter the shallow water.
Moving in this stuff is going to be slow.
You block the steam dragon's attack. The steam dragon closely misses you.
The swamp dragon is engulfed in a cloud of scalding steam.
You regained 2 hp, and now have 30/143 hp.
You regained 2 hp, and now have 32/143 hp.
The steam dragon looks more healthy.
The steam dragon breathes steam at you. The ball of steam hits you!
* * * LOW HITPOINT WARNING * * *
The fire dragon breathes flames at you.
The blast of flame hits the plant!!!
The blast of flame misses you.
You take 12 damage, and have 22/143 hp. [a] - 374 gold - heal wounds, invisibility and stabbing [b] - 483 gold - haste, flight, might and brilliance [c] - 960 gold - resistance, might, stabbing, haste and brilliance Purchase which effect?
You feel much better.
You fade into invisibility!
You feel ready to backstab.
The plant is engulfed in a cloud of scalding steam.
The swamp dragon is engulfed in a cloud of scalding steam.
The swamp dragon barely misses you. You block the swamp dragon's attack.
The swamp dragon misses you.
You are very lightly contaminated with residual magic.
You regained 15 hp, and now have 37/143 hp.
Unknown command.
You eviscerate the swamp dragon!!!
The swamp dragon is heavily wounded.
The plant is engulfed in a cloud of scalding steam.
The swamp dragon is engulfed in a cloud of scalding steam.
The swamp dragon closely misses you. You block the swamp dragon's attack.
The swamp dragon completely misses you.
The helpless swamp dragon fails to defend itself.
You eviscerate the swamp dragon!!!
You kill the swamp dragon!
You feel your strength returning.
The plant is engulfed in a cloud of scalding steam.
The steam dragon becomes distracted by the nearby gold, dreaming of imaginary riches.
The fire dragon closely misses you. You block the fire dragon's attack.
The fire dragon barely misses you.
The steam dragon hisses angrily.
You scratch the fire dragon but do no damage.
The fire dragon is moderately wounded.
You catch the helpless fire dragon completely off-guard!
You mangle the fire dragon!!
The fire dragon is heavily wounded.
The fire dragon breathes flames at you. The blast of flame hits you!!!
You die...
Your body crumbles into a pile of gold.

♣♣.P.≈≈≈≈≈≈≈
♣..≈≈≈≈...≈.
♣.$≈♣≈.$...$ ♣♣
♣.≈≈♣♣♣.?!(. ♣.♣
♣.§§≈♣♣$$.!$ ♣♣≈♣♣≈
♣♣≈≈.≈♣♣♣.♣♣♣P≈≈≈..
♣..D≈≈♣♣♣♣♣.≈≈≈..
♣♣ ♣♣♣$PD≈♣♣♣..≈...
♣.♣ ♣♣@P≈≈≈≈≈≈♣
♣♣..♣ ♣..≈.≈.≈≈♣♣
.k.. ♣♣....P≈≈.♣♣.P
♣ ♣♣..♣.P♣≈≈≈♣♣♣♣♣♣
♣♣♣...♣♣.≈.≈♣≈≈.
♣♣.P...≈≈≈≈≈≈≈
♣♣♣♣P♣.♣≈.♣♣.
♣♣♣♣♣♣♣♣♣♣ ♣


You could see a fire dragon (catching breath) and a steam dragon (wandering,
catching breath).

Vanquished Creatures
  3 hydras
  A catoblepas (Lair:6)
  A two-headed ogre (D:12)
  2 death knights (D:12)
  An orc high priest (Orc:1)
  Nergalle (Lair:2)
  A swamp dragon (Lair:6)
  A skeletal warrior (D:12)
  A wizard (D:9)
  2 lindwurms (Lair:6)
  3 orc knights (Orc:2)
  An orc sorcerer (Orc:1)
  An ugly thing (D:11)
  A cyclops (D:12)
  4 black mambas
  21 elephants
  5 torpor snails (Lair:6)
  8 komodo dragons
  7 cane toads
  4 rime drakes
  2 freezing wraiths (D:12)
  A polar bear (Lair:4)
  A queen bee (Lair:3)
  3 tyrant leeches (Lair:6)
  6 hornets (Lair:6)
  4 slime creatures (D:12)
  7 blink frogs
  A snapping turtle (Lair:4)
  6 hippogriffs
  5 dream sheep
  A shadow (D:11)
  4 wraiths (D:12)
  A spriggan (D:7)
  4 wyverns
  A basilisk (Lair:6)
  47 yaks
  A large abomination (D:9)
  A steam dragon (Lair:6)
  17 water moccasins
  An acid dragon (Lair:6)
  7 porcupines
  An ice beast (D:11)
  40 orc warriors
  4 sky beasts
  4 small abominations (D:9)
  2 swamp drakes (Lair:6)
  An eye of draining (D:12)
  7 phantoms
  2 black bears
  7 necrophages
  22 centaurs
  32 wolves
  13 ogres
  8 crocodiles
  3 big kobolds (D:10)
  10 bullfrogs
  2 wyvern skeletons
  4 troll zombies (D:11)
  3 scorpions
  29 killer bees
  8 wights
  3 electric eels (Lair:6)
  4 jellies
  A hound (D:6)
  A gnoll shaman (D:7)
  26 orc priests
  2 bullfrog skeletons
  11 worker ants
  9 iguanas
  28 orc wizards
  2 ogre zombies (D:11)
  A hound zombie (D:6)
  2 howler monkey zombies
  14 adders
  6 gnolls
  A shadow imp (D:5)
  2 white imps
  2 ufetubi
  5 oozes
  2 adder zombies
  A worm zombie (D:8)
  3 adder skeletons
  3 worms
  2 dart slugs
  3 leopard geckos
  71 orcs
  5 ball pythons
  19 bats
  2 giant cockroaches
  6 goblins
  6 hobgoblins
  17 jackals
  6 quokkas
  6 frilled lizards
  A goblin skeleton (D:11)
  A goblin zombie (D:11)
  20 kobolds
  A leopard gecko zombie (D:7)
  4 orc skeletons (D:11)
  13 orc zombies (D:11)
  7 rats
  A rat zombie (D:8)
  A plant (Lair:6)
713 creatures vanquished.

Vanquished Creatures (others)
  An orc (Orc:2)
  8 fungi
  11 plants
20 creatures vanquished.

Grand Total: 733 creatures vanquished

Notes
Turn   | Place    | Note
-------+----------+-------------------------------------------
     0 | D:1      | Goblin1989 the Troll Fighter began the quest for the Orb.
     0 | D:1      | Reached XP level 1. HP: 22/22 MP: 0/0
    95 | D:1      | Reached XP level 2. HP: 29/29 MP: 1/1
   307 | D:1      | Reached XP level 3. HP: 36/36 MP: 2/2
   873 | D:2      | Reached skill level 3 in Unarmed Combat
   919 | D:2      | Noticed an orc warrior
   927 | D:2      | Reached XP level 4. HP: 19/44 MP: 3/3
  2191 | D:3      | Found a blossoming altar of Fedhas.
  2270 | D:4      | Noticed Apogee's ghost (amateur HuWn)
  2271 | D:4      | Found a transporter.
  2271 | D:4      | Found a transporter.
  2284 | D:4      | Reached XP level 5. HP: 53/53 MP: 4/4
  2358 | D:4      | Noticed a phantom
  2397 | D:4      | Killed a phantom
  2397 | D:4      | Reached skill level 4 in Unarmed Combat
  2397 | D:4      | Reached XP level 6. HP: 61/61 MP: 5/5
  2832 | D:4      | Got a faintly glowing whip
  2918 | D:4      | Found a sparkling altar of Nemelex Xobeh.
  2951 | D:5      | Entered Level 5 of the Dungeon
  2991 | D:5      | Noticed a sky beast
  3014 | D:5      | Killed a sky beast
  3084 | D:5      | Reached skill level 5 in Unarmed Combat
  3084 | D:5      | Reached XP level 7. HP: 56/68 MP: 4/6
  3197 | D:5      | Found a sparkling altar of Nemelex Xobeh.
  3306 | D:5      | Found a staircase to the Ecumenical Temple.
  3315 | Temple   | Entered the Ecumenical Temple
  3411 | Temple   | Became a worshipper of Gozag Ym Sagoz the Greedy
  4173 | D:6      | Reached skill level 6 in Unarmed Combat
  4190 | D:6      | Reached XP level 8. HP: 40/78 MP: 3/7
  5034 | D:7      | Reached skill level 7 in Unarmed Combat
  5756 | D:8      | Found a shattered altar of Ashenzari.
  5875 | D:8      | Reached skill level 5 in Dodging
  5880 | D:8      | Reached skill level 5 in Fighting
  6043 | D:8      | Reached skill level 5 in Shields
  6043 | D:8      | Reached XP level 9. HP: 88/88 MP: 8/8
  6113 | D:8      | Reached skill level 8 in Unarmed Combat
  7147 | D:9      | Found Zeusterr's Weapon Shop.
  7435 | D:9      | Noticed a wizard
  7448 | D:9      | Killed a wizard
  7448 | D:9      | Reached skill level 9 in Unarmed Combat
  7477 | D:9      | Noticed a large abomination
  7946 | D:10     | Entered Level 10 of the Dungeon
  7946 | D:10     | Found a transporter.
  7946 | D:10     | Noticed a tengu warrior
  8045 | D:10     | Noticed a centaur warrior
  8054 | D:10     | Noticed a torpor snail
  8055 | D:10     | Noticed an anaconda
  8055 | D:10     | a torpor snail changed into an anaconda
  8057 | D:10     | Noticed a merfolk
  8057 | D:10     | an anaconda changed into a merfolk
  8057 | D:10     | Noticed an orc knight
  8058 | D:10     | Found a transporter.
  8058 | D:10     | Noticed a mana viper
  8058 | D:10     | a merfolk changed into a mana viper
  8059 | D:10     | Noticed a deep troll
  8059 | D:10     | a mana viper changed into a deep troll
  8065 | D:10     | a deep troll changed into a slime creature
  8066 | D:10     | Identified the +5 morningstar "Veutuum" {vorpal, +Inv rF-
                  | Int+8 Dex-5}
  8104 | D:10     | Noticed a queen bee
  8104 | D:10     | a basilisk changed into a queen bee
  8110 | D:10     | Noticed a black mamba
  8110 | D:10     | a queen bee changed into a black mamba
  8112 | D:10     | a black mamba changed into a black bear
  8122 | D:10     | Noticed a rime drake
  8122 | D:10     | a black bear changed into a rime drake
  8123 | D:10     | Found a staircase to the Lair.
  8123 | D:10     | a rime drake changed into a wyvern
  8142 | D:10     | Reached XP level 10. HP: 63/98 MP: 4/9
  8223 | D:10     | Found the +3 robe of Folly {Archmagi, MR-- Int+5}
  8344 | D:10     | Noticed a cane toad
  8344 | D:10     | a rime drake changed into a cane toad
  8348 | D:10     | a cane toad changed into a yak
  8358 | D:10     | Noticed a black mamba
  8358 | D:10     | a komodo dragon changed into a black mamba
  8359 | D:10     | Noticed a guardian serpent
  8359 | D:10     | a black mamba changed into a guardian serpent
  8360 | D:10     | Noticed a cane toad
  8360 | D:10     | a guardian serpent changed into a cane toad
  8364 | D:10     | a cane toad changed into a blink frog
  8392 | D:10     | Noticed a black mamba
  8392 | D:10     | a hippogriff changed into a black mamba
  8394 | D:10     | a black mamba changed into a jumping spider
  8399 | D:10     | Noticed a death drake
  8399 | D:10     | a jumping spider changed into a death drake
  8402 | D:10     | Noticed a fire crab
  8402 | D:10     | a death drake changed into a fire crab
  8476 | D:10     | Found Tefin's Gadget Shoppe.
  8805 | Lair:1   | Entered Level 1 of the Lair of Beasts
  8901 | Lair:1   | Noticed a cane toad
  8906 | Lair:1   | Killed a cane toad
  8906 | Lair:1   | Reached skill level 10 in Unarmed Combat
  8950 | Lair:1   | Noticed a black mamba
  8958 | Lair:1   | Killed a black mamba
  9981 | Lair:2   | Reached XP level 11. HP: 105/107 MP: 8/10
 10005 | Lair:1   | Reached skill level 11 in Unarmed Combat
 10456 | Lair:2   | Identified the +7 whip of Undoing {vorpal, rPois MR++ Int+4
                  | Dex-2} (You found it on level 4 of the Dungeon)
 10645 | Lair:2   | Noticed Nergalle
 10666 | Lair:2   | Killed Nergalle
 10849 | Lair:2   | Found a hole to the Spider Nest.
 10849 | Lair:2   | Noticed an orb spider
 10983 | Lair:3   | Noticed a five-headed hydra
 11152 | D:10     | Noticed a shining eye
 11152 | D:10     | a snapping turtle changed into a shining eye
 11154 | D:10     | Noticed a swamp dragon
 11154 | D:10     | a shining eye changed into a swamp dragon
 11156 | D:10     | a swamp dragon changed into a wind drake
 11303 | D:11     | Reached skill level 12 in Unarmed Combat
 11475 | D:11     | Found a staircase to the Orcish Mines.
 12107 | D:12     | Noticed a cyan ugly thing
 12112 | D:12     | Noticed a death knight
 12123 | D:11     | Killed a cyan ugly thing
 12123 | D:11     | Reached XP level 12. HP: 72/119 MP: 6/11
 12494 | D:12     | Noticed a death knight
 12528 | D:12     | Killed a death knight
 12860 | D:12     | Noticed a two-headed ogre
 12906 | D:12     | Killed a death knight
 12918 | D:12     | Killed a two-headed ogre
 12918 | D:12     | Reached skill level 13 in Unarmed Combat
 13428 | D:12     | Noticed an eight-headed hydra
 13445 | D:12     | Gained mutation: Your muscles are strong. (Str +2) [potion
                  | of mutation]
 13445 | D:12     | Gained mutation: Your body sometimes deteriorates upon
                  | taking damage. [potion of mutation]
 13445 | D:12     | Gained mutation: You are resistant to hostile enchantments.
                  | (MR+) [potion of mutation]
 13445 | D:12     | Gained mutation: You are highly resistant to hostile
                  | enchantments. (MR++) [potion of mutation]
 13509 | Orc:1    | Entered Level 1 of the Orcish Mines
 13893 | Orc:2    | Entered Level 2 of the Orcish Mines
 14184 | Orc:2    | Found a staircase to the Elven Halls.
 14368 | Orc:2    | Found Watsolam's Assorted Antiques.
 14421 | Orc:1    | Noticed an orc high priest
 14440 | Orc:1    | Killed an orc high priest
 14787 | Orc:1    | Reached XP level 13. HP: 80/130 MP: 7/12
 16119 | Orc:2    | Reached skill level 14 in Unarmed Combat
 16543 | Orc:2    | Found Gocumnem's Jewellery Boutique.
 16543 | Orc:2    | Found Wuog Wug's Antique Weapon Emporium.
 16545 | Orc:2    | Found Dicusuf's Magic Scroll Shoppe.
 16547 | Orc:2    | Found Len Toz's Jewellery Shop.
 16551 | Orc:2    | Bought an uncursed amulet of regeneration for 450 gold
                  | pieces
 16551 | Orc:2    | Bought an uncursed ring of protection from fire for 375
                  | gold pieces
 16567 | Orc:2    | Bought a scroll of magic mapping for 56 gold pieces
 16567 | Orc:2    | Bought a scroll of fog for 32 gold pieces
 16567 | Orc:2    | Bought a scroll of blinking for 120 gold pieces
 16572 | Orc:2    | Bought the cursed ring of Ruyh {rPois Int-4 Stlth+} for 157
                  | gold pieces
 16988 | Lair:3   | Bought the +2 cloak of Courage {+Fly Dex+3} for 448 gold
                  | pieces
 17021 | Lair:3   | You fall into a shaft and drop 3 floors!
 17021 | Lair:6   | Entered Level 6 of the Lair of Beasts
 17021 | Lair:6   | Found a runed translucent door.
 17023 | Lair:6   | Noticed a fire dragon
 17052 | Lair:6   | Paralysed by a hornet for 2 turns
 17136 | Lair:6   | HP: 6/129 [tyrant leech (26)]
 17176 | Lair:6   | Reached skill level 1 in Evocations
 17304 | Lair:6   | Bought a manual of Dodging for 1876 gold pieces
 17346 | Lair:6   | Paralysed by a hornet for 1 turns
 17354 | Lair:6   | Paralysed by a hornet for 3 turns
 17369 | Lair:6   | Paralysed by a hornet for 3 turns
 17726 | Lair:5   | Found a runed translucent door.
 17761 | Lair:4   | Reached skill level 10 in Dodging
 17768 | Lair:4   | Reached skill level 15 in Unarmed Combat
 17960 | Lair:4   | Noticed Zebulonius's ghost (journeyman DECj)
 18004 | Lair:4   | Reached XP level 14. HP: 129/141 MP: 13/13
 18073 | Lair:4   | Found a staircase to the Shoals.
 18109 | Lair:4   | Found a transporter.
 18124 | Lair:4   | Found a transporter.
 18136 | Lair:4   | Reached skill level 1 in Throwing
 19062 | Lair:3   | Reached skill level 10 in Fighting
 19441 | Lair:5   | Noticed Egid's ghost (journeyman DEWz)
 19444 | Lair:5   | Identified the +12 spear "Neol Nue" {flame, rElec rC+++
                  | Stlth+}
 20039 | Lair:6   | Got a scorched trident
 20040 | Lair:6   | Identified the cursed +1 trident of Tofoxaf {flame, Str+3
                  | Dex+2} (You found it on level 6 of the Lair of Beasts)
 20113 | Lair:6   | Found a staircase to the Slime Pits.
 20746 | Lair:6   | Killed from afar by a fire dragon

Illustrated notes

Levels and vault maps discovered:
D:1:      minmay_arrival_checkered_box, layout_rooms, serial_bayou,
          serial_bayou_crossing, serial_bayou_pond_c, serial_bayou_shore_a,
          serial_bayou_pond_c, serial_bayou_lagoon_b, serial_bayou_pond_b
D:2:      layout_loops_cross, minmay_fractal_squares_gapless_5
D:3:      layout_loops_ring, grunt_ministairs_8, fedhas_altar_4
D:4:      layout_loops_ring, lemuel_coloured_pillars_altar,
          gammafunk_ghost_arena
D:5:      layout_loops_ring, minmay_temple_entry_antechambers, first_ration,
          columned_hall_lemuel, nemelex_spade_bored_becter
D:6:      layout_basic, lightli_orcish_oven
D:7:      layout_loops_cross, the_bakery
D:8:      layout_basic, enter_ossuary_3, ashenzari_altar_1
D:9:      layout_loops_ring, serial_shops, nicolae_shop_waterfront,
          minmay_statues_item, laboratory
D:10:     gammafunk_sealed_arena, layout_long_grid, lair_entry_dummy,
          serial_shops, nicolae_shop_window_shopping, minmay_orc_keep
D:11:     layout_long_grid, zombieorc1_lemuel, minmay_misc_feat_secret_circle
D:12:     minmay_the_grid_octo_triangle [minmay_the_grid_octo_pinwheel,
          minmay_the_grid_octo_prize_single_spiral,
          minmay_the_grid_octo_toaster], layout_basic, serial_corexii_hall,
          chequers_hall_statues_corner_a, corexii_hall_statues_x
Temple:   roderic_octagonal_lattice_temple
Lair:1:   layout_concentric_octagons
Lair:2:   layout_regular_city, nicolae_spider_entry_orb_guardian,
          grunt_forest_stairs_basic, grunt_megastairs_2, uniq_nergalle
Lair:3:   layout_roguey [special_room_bee], roderic_carrion_pond,
          grunt_megastairs_5
Lair:4:   layout_regular_city, minmay_shoals_entry_hut, gammafunk_ghost_arena,
          lemuel_fruit_tree
Lair:5:   layout_loops_ring, ebering_ghost_funeral_grove
Lair:6:   wormcave, layout_gridlike, guppyfry_lair_end_dragon,
          nicolae_slime_entry_slimehenge
Orc:1:    layout_caves
Orc:2:    st_orc_rangers, layout_caves, serial_shops, shop, roderic_batcave

Skill      XL: |  1  2  3  4  5  6  7  8  9 10 11 12 13 14 |
---------------+-------------------------------------------+-----
Unarmed Combat | 3 4 5 6 7 9 10 12 13 15 | 15.8
Fighting       | 3 4 5 6 7 8 9 10 | 10.2
Dodging        | 3 4 5 6 7 8 10 11 | 11.0
Shields        | 3 4 5 6 7 8 9 |  9.0
Evocations     | 2 3 |  3.9
Throwing       | 3 |  3.3

Action                   |  1- 3 |  4- 6 |  7- 9 | 10-12 | 13-15 || total
-------------------------+-------+-------+-------+-------+-------++-------
Melee: Unarmed           |   104 |   209 |   413 |   904 |   865 ||  2495
Invok: Call Merchant     |       |       |       |       |     2 ||     2
       Potion Petition   |       |       |       |       |     2 ||     2
Evoke: Wand              |       |       |       |     7 |       ||     7
  Use: Scroll            |       |     3 |     5 |    12 |     3 ||    23
       Potion            |       |       |       |     3 |     7 ||    10
 Stab: Distracted        |       |       |     2 |     3 |     8 ||    13
       Sleeping          |       |       |       |       |     9 ||     9
       Invisible         |       |       |       |       |     1 ||     1
  Eat: Ration            |     1 |     2 |     6 |     8 |     6 ||    23
Armor: Robe              |    41 |    54 |    66 |   208 |   244 ||   613
       Skin              |       |       |       |       |    26 ||    26
Dodge: Dodged            |    30 |    68 |   140 |   349 |   418 ||  1005
Block: Kite shield       |    42 |    87 |   164 |   498 |   556 ||  1347

Table legend:
 A = Non-vault XP
 B = Vault XP
 C = Vault XP percentage of total XP
 D = Non-vault monster count
 E = Vault monster count
 F = Vault count percentage of total count
                 A         B        C        D         E       F
            +---------+---------+-------+---------+---------+-------
      Total |   63909 |   23185 |  26.6 |     523 |     189 |  26.5
            +---------+---------+-------+---------+---------+-------
        D:1 |      45 |       5 |  10.0 |      25 |       5 |  16.7
        D:2 |      71 |       3 |   4.1 |      20 |       3 |  13.0
        D:3 |      66 |       4 |   5.7 |      18 |       2 |  10.0
        D:4 |     351 |       0 |   0.0 |      18 |       0 |   0.0
        D:5 |     382 |       0 |   0.0 |      11 |       0 |   0.0
        D:6 |     672 |     148 |  18.0 |      19 |       6 |  24.0
        D:7 |     676 |     201 |  22.9 |      15 |       1 |   6.2
        D:8 |     754 |       7 |   0.9 |      23 |       2 |   8.0
        D:9 |     693 |    1109 |  61.5 |      18 |       6 |  25.0
       D:10 |    1455 |     142 |   8.9 |      37 |       9 |  19.6
       D:11 |    3887 |     836 |  17.7 |      29 |      28 |  49.1
       D:12 |    8856 |     161 |   1.8 |      39 |       2 |   4.9
     Lair:1 |    4483 |       0 |   0.0 |      20 |       0 |   0.0
     Lair:2 |    3562 |    1857 |  34.3 |      19 |       7 |  26.9
     Lair:3 |    7102 |    4289 |  37.7 |      39 |      36 |  48.0
     Lair:4 |    7027 |     262 |   3.6 |      24 |       1 |   4.0
     Lair:5 |    8015 |       0 |   0.0 |      26 |       0 |   0.0
     Lair:6 |    9720 |    8207 |  45.8 |      35 |      30 |  46.2
      Orc:1 |    4729 |     968 |  17.0 |      60 |      10 |  14.3
      Orc:2 |    1363 |    4986 |  78.5 |      28 |      41 |  59.4
            +---------+---------+-------+---------+---------+-------
